 Dungeon Crawl Stone Soup version 0.27.0-1-g7a089689b8 (webtiles) character file.

Game seed: 2437991485187000226

34 erofeev the Shield-Bearer (level 3, -3/29 HPs)
             Began as a Human Fighter on Aug 12, 2021.
             Slain by Sigmund (9 damage)
             ... on level 2 of the Dungeon.
             The game lasted 00:10:51 (353 turns).

erofeev the Shield-Bearer (Human Fighter)            Turns: 353, Time: 00:10:52

Health: -3/29      AC:  9    Str: 17    XL:     3   Next: 50%
Magic:  3/3        EV:  4    Int:  8    God:
Gold:   7          SH:  9    Dex: 12    Spells: 2/2 levels left

rFire    . . .     SeeInvis .   a - +0 long sword (protect)
rCold    . . .     Faith    +   c - +0 kite shield
rNeg     . . .     Spirit   .   i - +0 chain mail
rPois    .         Reflect  .   (no helmet)
rElec    .         Harm     .   (no cloak)
rCorr    .         Rampage  .   (no gloves)
Will     .....                  (no boots)
Stlth    ..........             g - amulet of faith
HPRegen  0.09/turn              (no ring)
MPRegen  0.08/turn              (no ring)

@: mighty
A: no striking features
a: no special abilities


You were on level 2 of the Dungeon.
You visited 1 branch of the dungeon, and saw 2 of its levels.

You collected 7 gold pieces.

Inventory:

Hand Weapons
 a - a +0 long sword of protection (weapon)
Missiles
 e - 13 poisoned darts (quivered)
 f - 10 bolts
Armour
 b - a +0 scale mail
 c - a +0 kite shield (worn)
 i - a +0 chain mail (worn)
Jewellery
 g - an amulet of faith (around neck)


   Skills:
 + Level 3.3 Fighting
 + Level 2.3 Long Blades
 + Level 3.2 Armour
 + Level 0.2 Dodging
 + Level 3.5 Shields


You had 2 spell levels left.
You didn't know any spells.
Your spell library contained the following spells:

 Spells                   Type           Power      Damage    Failure   Level
 Magic Dart               Conj           0%         1d3       100%        1
 Call Imp                 Summ           0%         N/A       100%        2
 Mephitic Cloud           Conj/Pois/Air  0%         N/A       100%        3


Dungeon Overview and Level Annotations

Branches:
Dungeon (2/15)

Altars:

Annotations:
D:2 Sigmund


Message History

Terence is severely wounded.
Terence hits you but does no damage.
Sigmund hits you from afar with a +0 scythe.
You block Terence's attack.
You closely miss Terence.
Terence is severely wounded.
Sigmund completely misses you.
Terence shouts, "Get ready for death!"
Terence hits you but does no damage.
Sigmund mumbles some strange words.
Sigmund flickers and vanishes!
Deactivating autopickup; reactivate with Ctrl-A.
Unknown command.
As you read the scroll of fog, it crumbles to dust.
The scroll dissolves into smoke.
Terence hits you but does no damage. Something hits you but does no damage.
You barely miss Terence.
Terence is severely wounded.
You block Terence's attack. Something hits you.
You hit Terence.
Your weapon exudes an aura of protection.
You kill Terence!
You hear some strange, mumbled words.
Something tries to affect you, but you resist.
Something hits you but does no damage.
You have reached level 3!
Your experience leads to an increase in your attributes!
Increase (S)trength, (I)ntelligence, or (D)exterity?
Uppercase letters only, please.
You feel stronger. Something hits you but does no damage.
Things that are here:
a +0 flail; a +0 chain mail; the human corpse of Terence Something hits you but does no damage.
Something hits you!
You closely miss something. Something hits you.
You barely miss something. Something hits you.
* * * LOW HITPOINT WARNING * * *
Something hits you!
You die...

..... .... ..#
#.# #.#######.
#...@.....
#§###..... #{#
### ##@#
##§§###.##
#§§§§§.#.
#§§§###.#
#...###.####.##
#.
#..............
#.
#...######.#.##
#. #..†# #.##
#.## #...#
#.#... ....


There were no monsters in sight!

Vanquished Creatures
  Terence (D:2)
  A ball python (D:1)
  An endoplasm (D:2)
  A giant cockroach (D:2)
  2 goblins
  A hobgoblin (D:2)
  A kobold (D:2)
8 creatures vanquished.

Notes
Turn   | Place    | Note
-------+----------+-------------------------------------------
     0 | D:1      | erofeev the Human Fighter began the quest for the Orb.
     0 | D:1      | Reached XP level 1. HP: 18/18 MP: 1/1
   216 | D:2      | Reached XP level 2. HP: 17/24 MP: 2/2
   330 | D:2      | Noticed Terence
   330 | D:2      | Noticed Sigmund
   348 | D:2      | Killed Terence
   349 | D:2      | Reached XP level 3. HP: 18/29 MP: 3/3
   353 | D:2      | Slain by Sigmund

Illustrated notes

Levels and vault maps discovered:
D:1:      amcnicky_arrival_wind_blow, layout_basic, serial_curves,
          eino_curves_01, eino_curves_03,
          shapermc_ecumenical_altar_starsandcircs
D:2:      layout_loops_ring, minmay_tromino_v4_c, uniq_terence, uniq_sigmund

Action                   || total
-------------------------++-------
Melee: Long sword        ||    32
  Use: Scroll            ||     3
       Potion            ||     1
Armor: Scale mail        ||    12
       Chain mail        ||    15
Dodge: Dodged            ||    12
Block: Kite shield       ||    25
       Rpst.: Long sword ||     3
